[Event "Champions Chess Tour Julius Baer Generation Cup 2024"]
[Site "Chess.com"]
[Date "2024.09.28"]
[Round "51"]
[White "Vachier-Lagrave, Maxime"]
[Black "Nepomniachtchi, Ian"]
[Result "1-0"]
[Annotator "Rafael Leitao"]
[ECO "C42"]
[WhiteElo "2862"]
[BlackElo "2833"]
[PlyCount "65"]
[Beauty "8183007477775"]
[GameId "2094874017959947"]
[EventDate "2024.??.??"]
[TimeControl "600+2"]
[Link "https://www.chess.com/pt-BR/article/view/dez-melhores-partidas-xadrez-2024"]

1. e4 e5 2. Nf3 Nf6 3. Nxe5 d6 4. Nf3 Nxe4 5. d4 d5 6. Bd3 {As partidas de
Vachier-Lagrave são geralmente divertidas e importantes do ponto de vista
teórico. Os fãs da abertura do peão do rei, a maneira mais clássica e bonita de
iniciar uma partida de xadrez, acompanham as partidas do GM francês com
particular interesse, já que ele é o modelo perfeito de um jogador moderno fiel
ao lance favorito de Bobby Fischer. O francês certamente admira o gênio
americano, pois seu estilo é semelhante, inclusive nas aberturas.} 6... Bd6 {O
lance favorito de Nepomniachtchi na Petroff.} 7. O-O O-O 8. c4 c6 {Uma posição
crítica que Nepomniachtchi tem defendido com sucesso no mais alto nível há
alguns anos.} 9. Nc3 Nxc3 10. bxc3 dxc4 11. Bxc4 Bg4 (11... Bf5 {foi jogado em
uma partida importante e dramática do último Torneio de Candidatos, que eu
analisei em detalhes para a Partida do Dia. Praggnanandhaa-Nepomniachtchi,
Torneio de Candidatos Toronto 2024.}) 12. Bd3 {Um lance raro. A reação natural à
cravada é jogar h3 e depois g4, afastando o bispo.} (12. h3 Bh5 13. g4 Bg6 14.
Ne5 {Uma posição importante. Em partidas recentes, as Negras jogaram 14...b5
aqui. Veja um exemplo:} 14... b5 15. Bb3 Nd7 16. Nxg6 (16. f4 Nxe5 17. fxe5 Be7
{com uma posição igual.}) 16... hxg6 17. Qf3 Rc8 {com um meio-jogo equilibrado
em Nguyen-Esipenko, Memorial Jermuk Avagyan 2023.}) 12... Nd7 (12... Qf6 {faz
sentido, com a ideia de trocar em f3, alcançando um final próximo da igualdade.
As Brancas podem responder com} 13. Be4 $5 {preventing this idea.} 13... Bf5 {As
Negras aproveitam a oportunidade para trocar os bispos. A posição está
equilibrada.}) 13. Rb1 b5 {As Negras ganham espaço na ala da dama.} (13... Rb8
{é sólido e bom, prevenindo a continuação da partida, que na verdade não é
perigosa para as Negras.}) 14. h3 Bh5 15. g4 Bg6 16. Bxg6 hxg6 17. d5 {Uma ideia
bastante direta que já foi tentada antes no nível de GM.} 17... cxd5 {As Negras
têm várias opções para um jogo equilibrado.} (17... Nb6 18. dxc6 a6 {seguido por
Dc7.}) (17... a6 18. dxc6 Nb6 {transpondo para a linha anterior.}) 18. Rxb5 (18.
Qxd5 {já foi jogado antes por um GM.} 18... Nf6 $1 19. Qd4 (19. Qxb5 $4 Rb8 20. Qd3
Bh2+ {ganha a dama.}) 19... a6 20. a4 {As Negras já estão ligeiramente melhor e
um empate foi acordado em Baklan-Volzhin, EU-ch 2nd Ohrid 2001.}) 18... Nb6
{Esse lance é novo.} (18... Nf6 $1 {Leva a uma boa posição para as Negras. O
cavalo pode eventualmente ir para e4, atacando o peão de c3. Deljou-Dadmand,
Fajr op Iran 1997.}) 19. Be3 Qc7 20. Bd4 (20. Bxb6 {leva somente à igualdade
depois de} 20... axb6 21. Rxd5 Bc5) 20... Rfe8 {Como de costume, as Negras têm
outros bons caminhos.} (20... Rfd8 {é uma casa alternativa para a torre, com
atenção voltada para o peão de d.}) (20... Nc4 {veremos esse lance em várias
linhas—sempre com a ideia de explorar a instabilidade da torre das Brancas após}
21. Rxd5 Qc6) 21. Qd3 Bf8 $6 {Um pouco passivo.} (21... Nc4 $1 {é mais no estilo de
Nepomniachtchi. Se as Brancas capturarem em d5, então após} 22. Rxd5 ({Ou} 22.
Rfb1 Qc6) 22... Qc6 {as Negras têm uma boa posição.}) 22. Kg2 {Reforçando a
posição.} (22. Rfb1 {também é possível e talvez mais preciso.}) 22... Rad8 $6
(22... Nc4 $1 {Novamente, esta é a maneira de lutar pelo contra-jogo.} 23. Rxd5 $2
{até perde agora, já que a torre não pode ser protegida após} (23. Rfb1) 23...
Qc6 $1 {Por exemplo:} 24. Be3 Rxe3 $1 25. fxe3 Qxd5 26. Qxd5 Nxe3+ {ganhando uma
peça.}) 23. Rfb1 Re6 24. Ra5 $1 {Aqui a posição das Negras já está difícil, pois
as Brancas têm um plano claro para melhorar sua posição, que pode ser trazer a
outra torre para b5 ou avançar o peão de a. Embora ainda seja possível lutar
pela igualdade com os lances do computador, a tarefa é bastante difícil durante
a partida.} (24. a4 {parece tentador, mas as Negras defendem com} 24... Nxa4 25.
Rb7 Nc5 $1 {e igualdade.}) (24. Ng5 {também parece promissor, mas não há nada
direto depois de} 24... Rc6) 24... Rd7 (24... Be7 $1 {é o melhor lance, com a
ideia de jogar Bf6.}) 25. Rbb5 (25. a4 {com a ideia de Ta6 seguido de a4-a5, é
ainda mais forte.}) 25... Qd8 {As Negras não têm um plano claro—ele só pode
tentar segurar e esperar para ver as intenções das Brancas.} 26. Ra6 (26. Bxb6 $2
{é prematuro:} 26... axb6 27. Rxd5 $2 Red6 $1 {e as Negras ganham material.}) 26...
Qc8 $6 (26... Rc7 {é mais teimoso, mas esse já é um lance muito difícil de
encontrar.}) 27. Rba5 $1 Nc4 $6 {Tentando se libertar, mas agora as Brancas ganham
forçado.} (27... Qb8 {defende o peão de a, mas as Brancas continuam a aplicar
pressão:} 28. a4 {com a ideia de remover a torre de a5 e avançar o peão até essa
casa.}) 28. Rxe6 Nxa5 29. Ng5 $1 {De repente, o rei das Negras é pego em uma rede
de mate.} 29... Rd6 {Tudo perde.} (29... fxe6 30. Qxg6 {com um ataque
decisivo.}) (29... f6 30. Bxf6 $1 gxf6 31. Rxf6 Rg7 32. Ne6 {e acabou.}) (29...
Be7 30. Nxf7 $1 {e as Negras podem abandonar.}) (29... Re7 30. Rxg6 $1 {também ganha
facilmente.}) 30. Qg3 $3 {Um lance maravilhoso, explorando o ataque na coluna h.}
30... Qd8 {Qualquer captura em e6 perde.} (30... Rxe6 31. Qh4) (30... fxe6 31.
Qh4) 31. Re8 $1 {O golpe de misericórdia.} (31. Qh4 Qxg5 32. Qxg5 {Claro que as
Brancas também estão ganhas aqui, mas a continuação da partida é mais precisa e
elegante.}) 31... Qxe8 (31... Qxg5 32. Qxd6 $1) 32. Qh4 Qe4+ 33. Kg3 {Resistindo à
tentação de capturar a dama: dar mate é ainda melhor.} 1-0

[Event "Tata Steel Chess 2024"]
[Site "Chess.com"]
[Date "2024.01.26"]
[Round "11"]
[White "Wei, Yi"]
[Black "Warmerdam, Max"]
[Result "1-0"]
[Annotator "Rafael Leitao"]
[ECO "C27"]
[WhiteElo "2740"]
[BlackElo "2625"]
[PlyCount "53"]
[GameId "2129700091596664"]
[EventDate "2024.??.??"]
[TimeControl "40/6000+30:3000+30"]
[Link "https://www.chess.com/pt-BR/article/view/dez-melhores-partidas-xadrez-2024"]

1. e4 e5 2. Bc4 {A Variante do Bispo é normalmente usada para evitar a Petroff,
que tem se mostrado uma defesa difícil de quebrar—basta olhar para as partidas
de Nepomniachtchi. Acredito que Wei não estava tão familiarizado com suas
nuances, já que rapidamente sai da teoria.} 2... Nf6 3. d3 Bc5 {3...Cc6 e 3...c6
também são muito populares.} 4. Nc3 c6 {Wei disse que ficou surpreso com esse
lance. No entanto, ele foi jogado em centenas de partidas, incluindo partidas de
super grandes mestres.} 5. f4 {Uma escolha corajosa para alguém que não conhece
a teoria.} (5. Nf3 {é mais seguro.}) (5. Qf3 {impedindo d5, também foi jogado
por fortes GMs.}) 5... d5 {Warmerdam levou seu tempo antes de jogar esse lance.
É provável que ele também estivesse fora da teoria de abertura, ou pelo menos
não tenha feito muita análise dessa posição.} (5... exf4 {é crítico.} 6. e5 (6.
Bxf4 d5 7. exd5 Nxd5 $5 {com uma boa posição para as Negras.}) (6. d4 Bb4
{transpõe para uma posição com alguma teoria, onde as Negras devem estar bem.})
6... d5 $1 7. exf6 Qxf6 $1 (7... dxc4 {é mais fraco:} 8. Qe2+ Be6 9. fxg7 Rg8 10.
Bxf4 {com alguma iniciativa para as Brancas.}) 8. Qe2+ (8. Bb3 $2 {perde para}
8... Qh4+) 8... Kd8 9. Bxd5 $1 cxd5 10. Qf3 {com grandes complicações em
Najer-Bulmaga, UE-ch Vrnjacka Banja 2023.}) 6. exd5 Ng4 {Este lance traz caos
para o tabuleiro. As Negras têm muitas opções.} (6... cxd5 {não é o lance mais
preciso devido a} 7. Bb5+) (6... Bxg1 {é possível, capturando o cavalo antes que
ele seja desenvolvido para f3.} 7. Rxg1 O-O 8. fxe5 cxd5 9. Bb3 d4 $1 10. exf6
dxc3 11. bxc3 Qxf6 {As Negras têm uma excelente compensação.}) (6... O-O {Sempre
que houver dúvida, basta rocar. Nunca é tão ruim.} 7. fxe5 Ng4 8. d4 Nxe5 $1
{Capturando um peão protegido e indo deliberadamente para um garfo—mas tudo
funciona por causa do xeque em h4.} 9. Nge2 (9. dxe5 $2 Qh4+ {Tomando o bispo em
c4.}) 9... Bb6 10. Bb3 Qh4+ 11. Ng3 (11. g3 $2 Qf6 {levou a uma grande vantagem
para as Negras em Hauge-Romanov, Norway 2022.}) 11... Re8 12. Ne4 {A posição é
assustadora para as Brancas, mas aparentemente elas estão sobrevivendo.}) (6...
Nxd5 $5 {é uma possibilidade séria:} 7. Nf3 {Este lance nunca foi jogado antes.}
(7. Nxd5 $2 cxd5 8. Bb5+ Bd7 9. Bxd7+ Nxd7 {com uma posição muito melhor para as
Negras. O rei dele está muito mais seguro.}) (7. Ne4 {é possível, mas parece
estranho.}) (7. Qe2 O-O 8. fxe5 Bd4 {com a iniciativa.}) (7. Qf3 {foi jogado em
uma partida histórica.} 7... Nxc3 8. bxc3 {Aqui o simples} 8... Nd7 {protege o
peão de e5 e dá a vantagem às Negras.} (8... O-O 9. fxe5 {1-0
Spielmann,R-Cohn,E, Munique, 1906 não estava claro.})) 7... exf4 8. d4 Bb4 9.
O-O Bxc3 10. bxc3 O-O 11. Qd3 {com alguma compensação pelo peão, que
eventualmente deve ser recuperado, mas as Negras têm uma boa posição.}) 7. Nf3
{As Brancas pensaram por 50 minutos para jogar esse lance.} (7. Qf3 $5 {foi
considerado por Wei e também é interessante.} 7... Nf2 8. Be3 $1 {As Brancas
precisam ver esse lance com antecedência.} 8... Bxe3 9. Qxe3 Nxh1 10. Qxe5+ Kf8
(10... Qe7 11. d6 $1 Qxe5+ 12. fxe5 {Uma posição desequilibrada em que as Brancas
mantêm pressão, já que seus peões são perigosos, e o cavalo em h1 deve ser
capturado mais cedo ou mais tarde. Mas \"igualdade\" ainda deve ser a avaliação
correta.}) 11. Nf3 {As Brancas têm uma boa compensação. Veremos muitas posições
onde as Brancas parecem estar perdendo uma torre, mas na verdade é apenas uma
\"falsa torre a menos\", já que o cavalo em h1 será capturado na maioria das
vezes. No entanto, não podemos afirmar com certeza que as Brancas estão apenas
com uma qualidade a menos (uma torre por um cavalo ou bispo), pois em alguns
casos, o cavalo consegue escapar via f2. A vida de um comentarista, como se pode
ver, não é fácil: temos que desvendar o xadrez e, em alguns casos, as semânticas
também. Aliás, não vamos esquecer que as Brancas também têm alguns peões, o que
torna a avaliação ainda mais complicada.}) 7... O-O (7... Nf2 $2 {é muito
apressado:} 8. Qe2 Nxh1 9. Qxe5+ Kf8 10. Be3 {com uma excelente posição para as
Brancas. Novamente, elas têm uma \"falsa torre\" a menos.}) 8. fxe5 Nf2 9. Qe2
Nxh1 10. Bg5 $1 {Desenvolvendo o bispo e atacando a dama. É surpreendente, mas
encontrei três partidas por correspondência nesta posição.} 10... Qa5 {A única
casa aceitável para a dama.} (10... Qe8 $2 {é horrível, deixando a dama fora de
jogo.} 11. d4 Bb4 12. d6 $18) (10... f6 $2 {Parece loucura abrir a diagonal, mas a
refutação é interessante:} 11. dxc6+ Kh8 12. exf6 gxf6 13. c7 $3 {Um lance
intermediário importante.} 13... Qxc7 14. Bh6 {O ponto é que não há Te8 agora.
As Brancas têm uma compensação esmagadora pela falsa torre.}) (10... Qb6 $2 {A
dama está mal colocada aqui. As Negras perdem o importante contra-jogo com Ba3,
como ocorre na partida.} 11. O-O-O Nf2 12. Rf1 {com a iniciativa.}) (10... Be7 $2
{foi jogado na única partida presencial da minha lista.} 11. Bxe7 Qxe7 12. d6
{com uma vantagem decisiva para as Brancas em Abdrlauf-Kjolberg, Norway 2019.})
11. d6 $1 {Abrindo a diagonal do bispo e mantendo um perigoso peão passado na
sexta fileira. Neste ponto, as três partidas por correspondência divergem: cada
uma seguiu com um lance diferente.} 11... Bg4 (11... b5 $6 {é o mais fraco dos
três lances.} 12. Bb3 Be6 13. Be7 Nd7 14. O-O-O Nf2 15. Re1 {e, de acordo com a
máquina, as Brancas estão melhor. Este lance foi jogado em Jensen-Feco, ICCF
email 2015. Definitivamente, não é uma posição fácil de entender, mas a casa e6
explica parte da vantagem das Brancas: se as Negras trocarem os bispos, a ameaça
de e6 é muito forte. Caso contrário, são as Brancas que trocam os bispos e
atacam o peão em e6.}) (11... Be6 {é interessante. Este lance é melhor sem o
b7-b5 anterior, pois a dama pode ajudar a atacar o peão de e5 pelo lado.} 12.
Bxe6 fxe6 13. d4 Rxf3 $1 14. Qxf3 Bxd4 15. O-O-O Bxc3 16. Qxc3 Qxc3 17. bxc3 Nd7
18. Rxh1 Rf8 {e este final terminou em empate mais tarde em
Andersen-Chmielewski, ICCF email 2020.}) 12. Be7 (12. O-O-O {é uma alternativa,
mas as Brancas não têm vantagem após} 12... Nf2 13. Rf1 Nd7) 12... Nd7 $6 (12...
Ba3 $1 {Esse lance brilhante foi jogado em uma das partidas. Há muitas linhas que
levam ao empate agora.} 13. Bxf8 (13. O-O-O Qxc3 $1 14. bxa3 {O jogo está
equilibrado. Uma possível linha é:} 14... Nd7 15. Bxf8 Rxf8 16. e6 Bxe6 17. Bxe6
fxe6 18. Qxe6+ Rf7 19. Ng5 Qxa3+ 20. Kb1 Qb4+ 21. Ka1 Qc3+ 22. Kb1 Qb4+ {com
xeque perpétuo.}) 13... Bxb2 14. e6 $1 Bxc3+ 15. Kf1 Bxe6 16. Bxe6 Bxa1 17. Bxf7+
Kxf7 18. Qe7+ Kg8 19. Bxg7 $1 Bxg7 20. Qe6+ Kf8 21. Qe7+ {com xeque perpétuo em
Jensen-Panitevsky, ICCF email 2015. Essas variantes são impossíveis de calcular
durante a partida, mas é interessante notar que Wei foi preciso ao responder o
que achava ser a avaliação correta durante a partida: \"Provavelmente
igualdade,\" disse ele. Avaliar corretamente posições é uma habilidade quase tão
importante quanto calcular bem.}) 13. e6 Ba3 $1 {Warmerdam encontra o recurso
importante, mas a posição está ainda mais difícil de jogar agora.} (13... Bxe6
14. Bxe6 Nf6 $8 15. O-O-O $14) 14. exf7+ Kh8 (14... Rxf7 $2 {perde após} 15. Bxf7+
Kxf7 16. Ng5+ Qxg5 17. Bxg5 Bxe2 18. bxa3 $1 Bh5 19. Be3 {O cavalo de h1 está
condenado, e as Brancas ficarão com uma vantagem material e a iniciativa depois
de} 19... Ke6 20. Kd2 Kxd6 21. Bf4+ Ke7 22. Re1+ Kf7 23. Rxh1) 15. O-O-O Qxc3
16. bxa3 {O clímax da partida. É simplesmente impossível encontrar o melhor
lance para as Negras nesta posição.} 16... Bxf3 $2 {Corretamente apontado por Wei
como o erro decisivo.} (16... b5 $2 {também falha:} 17. Bb3 a5 18. Bxf8 Rxf8 19.
Re1 $3 {Um lance importante, liberando a casa d1 para o rei.} 19... a4 20. Be6
Qxa3+ 21. Kd1 {O cavalo em h1 ainda está lá, e as ameaças das Brancas estão
muito conectadas aos peões passados.}) (16... Qxa3+ $6 {Wei sugeriu isso na
entrevista pós-jogo, mas não é suficiente para a igualdade.} 17. Kb1 Qb4+ 18.
Bb3 $1 (18. Kc1 Qa3+ {pode terminar em um xeque perpétuo.}) 18... Rxf7 $1 (18... a5
{não funciona:} 19. Bxf8 Rxf8 20. Qe7 $1 a4 21. Ne5 $1 axb3 22. axb3 {Quase todas as
peças das Negras estão ameaçadas. As Brancas estão ganhas.}) 19. Rxh1 a5 20.
Qe1 $1 {As Brancas estão realmente com uma qualidade a menos neste ponto, mas tem
um peão, o par de bispos e o forte peão de d6 como compensação.}) (16... a5 $3
{Preparando b5-a4 enquanto mantém um olho no peão de a3. Este lance extremamente
preciso iguala a partida.} 17. Bxf8 Rxf8 18. Re1 $6 Qxa3+ 19. Kd1 Qxd6) 17. gxf3
{A troca do bispo pelo cavalo facilitou muito a vida das Brancas. O cavalo em h1
finalmente será capturado, e as Brancas terão uma vantagem esmagadora.} 17...
Ne5 (17... Qxa3+ 18. Kb1 (18. Kd2 {também é bom:} 18... Qb4+ 19. c3 Qb2+ 20. Ke1
Qxc3+ 21. Kf1 $18 {Seguido por Rg2 e capturando o cavalo.}) 18... Qb4+ 19. Bb3
Rxf7 20. Rxh1 {com uma vantagem quase decisiva.}) 18. Kb1 $1 Qd4 19. Rxh1 Nxc4 20.
dxc4 Qb6+ 21. Kc1 Rxf7 22. Rd1 {O peão está pronto para marchar para d7.} 22...
Rff8 23. d7 Rg8 24. Qe5 {Centralização poderosa.} 24... Rad8 25. f4 {As Negras
estão paralisadas.} 25... c5 26. Bxd8 Qxd8 (26... Rxd8 27. Qe8+) 27. Qxc5 {Uma
partida incrível que será lembrada por gerações. Fiquei impressionado com a
calma do GM chinês durante a entrevista pós-jogo. Sem emoções exageradas, pura
serenidade; talvez seja por isso que ele toma tantas boas decisões em posições
irracionais. Ele disse que adora jogar esse tipo de partida, e espero que jogue
muitas mais delas.} 1-0